 Dungeon Crawl Stone Soup version 0.24.0-13-gcf9b319 (webtiles) character file.

Game seed: 17690857876958814247, levelgen mode: deterministic

12721 A7mans1 the Fencer (level 11, -13/90 HPs)
             Began as a Barachi Fighter on Dec 31, 2019.
             Was a High Priest of Okawaru.
             Mangled by a white ugly thing (29 damage)
             ... on level 11 of the Dungeon.
             The game lasted 00:30:02 (8298 turns).

A7mans1 the Fencer (Barachi Fighter)                Turns: 8298, Time: 00:30:04

Health: -13/90     AC: 19    Str: 20    XL:     11   Next: 97%
Magic:  16/16      EV:  9    Int: 10    God:    Okawaru [*****.]
Gold:   794        SH: 11    Dex: 11    Spells: 16/16 levels left

rFire    . . .     SeeInvis +   a - +5 long sword
rCold    . . .     Gourm    .   c - +0 shield
rNeg     . . .     Faith    .   l - +2 chain mail {MR+}
rPois    .         Spirit   .   g - +0 helmet
rElec    .         Reflect  .   (no cloak)
rCorr    .         Harm     .   w - +2 pair of gloves
MR       +....                  o - +0 pair of boots
Stlth    ..........             (no amulet)
HPRegen  0.25/turn              d - ring of see invisible
MPRegen  0.15/turn              (no ring)

@: studying Long Blades, slow
A: +LOS, swims, slowness 1, strong legs 1
a: Hop, Heroism, Finesse, Renounce Religion


You were on level 11 of the Dungeon.
You worshipped Okawaru.
Okawaru was extremely pleased with you.
You were very hungry.

You visited 2 branches of the dungeon, and saw 12 of its levels.
You also visited: Sewer and Ossuary.

You collected 794 gold pieces.

Inventory:

Hand Weapons
 a - a +5 long sword (weapon)
Armour
 b - a +0 scale mail
 c - a +0 shield (worn)
 g - a +0 helmet (worn)
 l - a +2 chain mail of magic resistance (worn)
 o - a +0 pair of boots (worn)
 w - a +2 pair of gloves (worn)
 E - a +2 hat
Jewellery
 d - a ring of see invisible (left hand)
 j - the amulet "Tualyqua" {Inacc +Blink rElec Str+4 Int-3, unknown}
   (You found it in an ossuary)

   [amulet of inaccuracy]

   It reduces the accuracy of all your attacks.
   It affects your strength (+4).
   It affects your intelligence (-3).
   It insulates you from electricity.
   It lets you blink.
 u - an uncursed amulet of the gourmand
 y - an uncursed ring of protection from fire
 A - an uncursed ring of protection from magic {unknown}
Wands
 k - a wand of paralysis (12)
 p - a wand of iceblast (28)
 r - a wand of flame (42)
 s - a wand of random effects (23)
 C - a wand of polymorph (5)
Scrolls
 e - 6 scrolls of remove curse
 i - 5 scrolls of teleportation
 n - a scroll of blinking
 q - 3 scrolls of fear
 x - a scroll of fog
 B - 4 scrolls of identify
 D - a scroll of magic mapping
Potions
 m - 8 potions of flight
 v - 3 potions of berserk rage
 z - a potion of haste
Books
 t - a manual of Long Blades
Comestibles
 f - 8 rations


   Skills:
 + Level 9.8 Fighting
 + Level 17.3 Long Blades
 + Level 9.5 Armour
 + Level 5.5 Dodging
 + Level 0.5 Stealth
 + Level 8.7 Shields
 + Level 3.7 Unarmed Combat
 + Level 3.3 Spellcasting


You had 16 spell levels left.
You didn't know any spells.
Your spell library contained the following spells:

 Spells                   Type           Power        Failure   Level  Hunger
 Beastly Appendage        Tmut           #.....       99%         1    #......
 Confusing Touch          Hex            #.....       99%         1    #......
 Summon Small Mammal      Summ           #...         99%         1    #......
 Call Imp                 Summ           #.......     100%        2    ###....
 Sticks to Snakes         Tmut           #.......     100%        2    ###....
 Call Canine Familiar     Summ           #.......     100%        3    ###....
 Confuse                  Hex            #.......     100%        3    ###....
 Gell's Gravitas          Tloc           #.........   100%        3    ###....
 Spider Form              Tmut/Pois      #.........   100%        3    ###....
 Summon Guardian Golem    Hex/Summ       #.......     100%        3    ###....
 Ice Form                 Ice/Tmut       #.......     100%        4    #####..
 Petrify                  Tmut/Erth      #.......     100%        4    #####..
 Summon Ice Beast         Ice/Summ       #.......     100%        4    #####..
 Summon Lightning Spire   Summ/Air       #.......     100%        4    #####..
 Blade Hands              Tmut           #.........   100%        5    ######.
 Metabolic Englaciation   Hex/Ice        #.........   100%        5    ######.
 Yara's Violent Unravell  Hex/Tmut       #.........   100%        5    ######.


Dungeon Overview and Level Annotations

Branches:
Dungeon (11/15)            Temple (1/1) D:6            Lair (0/6) D:10
    Orc (0/2) D:9           Sewer (visited)         Ossuary (visited)

Altars:
Ashenzari
Cheibriados
Dithmenos
Elyvilon
Fedhas
Gozag
Hepliaklqana
Kikubaaqudgha
Makhleb
Nemelex Xobeh
Okawaru
Qazlal
Ru
Sif Muna
Trog
Uskayaw
Vehumet
Wu Jian
Xom
Yredelemnul
Zin
The Shining One


Innate Abilities, Weirdness & Mutations

Shadows flee at your approach. (+LOS)
You can swim through water.
You cover ground slowly.
You can hop short distances.


Message History

The big kobold hits you.
You slash the big kobold!
The big kobold is almost dead.
The big kobold hits you but does no damage.
You are feeling very hungry.
You hit the big kobold.
You kill the big kobold!
Okawaru accepts your kill.
You slash the white ugly thing!
The white ugly thing is lightly wounded.
The white ugly thing tentacle-slaps you.
The white ugly thing freezes you!!
* * * LOW HITPOINT WARNING * * *
You hit the white ugly thing.
The white ugly thing is moderately wounded.
You recover from your berserk rage.
The white ugly thing tentacle-slaps you.
* * * LOW HITPOINT WARNING * * *
The white ugly thing freezes you!!
You die...

#.. #..# #.. #..# #..
#..# #.. #..# #..
#..# .) ...# ##### ♣.
###########
......♣♣.♣♣.......'.#
......u.♣@........'.#
♣u♣♣.......'.#
♣K♣#########.#


KK. #.# #...# #.###### #...# #......# #...# #####.#. #...# #.### #...# ##.#. You
could see a white ugly thing and 3 kobolds.

Vanquished Creatures
  Harold (D:8)
  A two-headed ogre (D:9)
  An ugly thing (D:11)
  A manticore (D:11)
  A troll (D:11)
  The ghost of Chiodood the Archer, an amateur CeHu (D:4)
  Grinder (D:3)
  Prince Ribbit (D:5)
  2 hippogriffs (D:10)
  A wyvern (D:11)
  A wraith (Ossuary)
  5 yaks (D:11)
  Eustachio (D:5)
  5 porcupines (D:10)
  The ghost of BigBluFrog the Fighter, an amateur GnWn of Wu Jian (D:3)
  2 orc warriors (D:10)
  7 sky beasts
  An eye of draining (D:9)
  A necrophage (D:8)
  A centaur (D:10)
  4 phantoms
  2 ogres
  2 crocodiles
  7 bullfrogs
  A big kobold (D:11)
  2 scorpions
  2 troll zombies (D:9)
  5 killer bees (D:11)
  5 wights (D:10)
  A howler monkey (D:6)
  5 crimson imps
  2 bullfrog zombies
  2 orc priests
  2 hounds
  4 jellies
  2 bullfrog skeletons
  Crazy Yiuf (D:4)
  2 human zombies (Ossuary)
  2 orc wizards
  3 iguanas
  2 merfolk sirens (Sewer)
  7 worker ants
  A merfolk avatar (Sewer)
  6 ogre zombies (D:9)
  A hound skeleton (D:6)
  4 mummies
  3 gnolls (D:9)
  15 adders
  4 river rats
  A shadow imp (D:9)
  An ooze (D:5)
  2 adder skeletons (D:6)
  6 worms
  3 dart slugs
  10 leopard geckos
  17 orcs
  13 bats
  6 giant cockroaches
  4 hobgoblins
  12 jackals
  5 quokkas
  7 ball pythons
  8 frilled lizards
  5 goblins
  A goblin skeleton (D:9)
  5 goblin zombies
  2 hobgoblin skeletons (D:9)
  4 hobgoblin zombies
  A jackal skeleton (D:4)
  8 kobolds
  7 kobold zombies (Ossuary)
  A leopard gecko zombie (D:6)
  4 orc skeletons (D:9)
  12 orc zombies (D:9)
  A quokka zombie (D:8)
  26 rats
  7 fungi (D:10)
  4 plants (D:10)
  A withered plant (D:3)
319 creatures vanquished.

Vanquished Creatures (others)
  8 fungi
  A plant (D:10)
  A withered plant (D:3)
10 creatures vanquished.

Grand Total: 329 creatures vanquished

Notes
Turn   | Place    | Note
-------+----------+-------------------------------------------
     0 | D:1      | A7mans1 the Barachi Fighter began the quest for the Orb.
     0 | D:1      | Reached XP level 1. HP: 18/18 MP: 1/1
   130 | D:1      | Reached XP level 2. HP: 25/25 MP: 2/2
   390 | D:1      | Reached skill level 3 in Long Blades
   551 | D:1      | Reached XP level 3. HP: 30/30 MP: 3/3
   994 | D:2      | Reached skill level 1 in Dodging
  1138 | D:2      | Reached XP level 4. HP: 25/37 MP: 4/4
  1209 | D:2      | You fall into a shaft and drop 1 floor!
  1309 | D:3      | Found a runed translucent door.
  1319 | D:3      | Noticed BigBluFrog's ghost (amateur GnWn)
  1538 | D:2      | Found a shimmering altar of Xom.
  1550 | D:2      | Reached skill level 4 in Long Blades
  1723 | D:2      | Found an iron altar of Okawaru.
  1748 | D:2      | Became a worshipper of Warmaster Okawaru
  2076 | D:3      | Noticed Grinder
  2095 | D:3      | Killed Grinder
  2095 | D:3      | Reached skill level 5 in Long Blades
  2095 | D:3      | Reached XP level 5. HP: 16/43 MP: 5/5
  2095 | D:3      | Reached XP level 6. HP: 18/49 MP: 6/6
  2235 | D:3      | Killed BigBluFrog's ghost
  2235 | D:3      | Reached skill level 6 in Long Blades
  2235 | D:3      | Reached skill level 5 in Armour
  2289 | D:4      | Found an ancient bone altar of Kikubaaqudgha.
  2303 | D:4      | Noticed Chiodood's ghost (amateur CeHu)
  2306 | D:4      | Found a runed translucent door.
  2338 | D:4      | Killed Chiodood's ghost
  2338 | D:4      | Reached * piety under Okawaru
  2338 | D:4      | Reached skill level 7 in Long Blades
  2338 | D:4      | Reached XP level 7. HP: 52/55 MP: 7/7
  2388 | D:4      | Reached skill level 5 in Fighting
  2503 | D:4      | Reached ** piety under Okawaru
  2551 | D:4      | Found a sparkling altar of Nemelex Xobeh.
  2579 | D:4      | Reached skill level 8 in Long Blades
  2594 | D:4      | Found a stormy altar of Qazlal.
  2806 | D:4      | Found an opulent altar of Gozag.
  2857 | D:4      | Found a runed translucent door.
  2858 | D:4      | Noticed Crazy Yiuf
  2865 | D:4      | Killed Crazy Yiuf
  2865 | D:4      | Reached XP level 8. HP: 50/62 MP: 8/8
  2929 | D:5      | Entered Level 5 of the Dungeon
  3221 | D:5      | Noticed Prince Ribbit
  3251 | D:5      | Killed Prince Ribbit
  3251 | D:5      | Reached skill level 9 in Long Blades
  3275 | D:5      | Reached skill level 5 in Shields
  3535 | D:5      | Noticed Eustachio
  3557 | D:5      | Killed Eustachio
  3557 | D:5      | Reached *** piety under Okawaru
  3735 | D:6      | Reached skill level 10 in Long Blades
  3763 | D:6      | Reached XP level 9. HP: 42/68 MP: 9/9
  3824 | D:6      | Found a snail-covered altar of Cheibriados.
  3951 | D:6      | Found a glowing drain.
  3957 | Sewer    | Entered a sewer
  4736 | D:6      | Found a staircase to the Ecumenical Temple.
  4768 | Temple   | Entered the Ecumenical Temple
  5203 | D:7      | Identified a scroll of acquirement
  5273 | D:7      | Reached skill level 11 in Long Blades
  5292 | D:7      | You fall into a shaft and drop 1 floor!
  5511 | D:8      | Found a radiant altar of Vehumet.
  5517 | D:8      | Noticed Harold
  5533 | D:8      | Killed Harold
  5533 | D:8      | Reached **** piety under Okawaru
  5533 | D:8      | Reached skill level 13 in Long Blades
  5711 | D:8      | Found a sand-covered staircase.
  5724 | Ossuary  | Entered an ossuary
  5835 | Ossuary  | Reached XP level 10. HP: 75/77 MP: 10/10
  5841 | Ossuary  | Reached skill level 15 in Long Blades
  5841 | Ossuary  | Reached skill level 5 in Dodging
  5841 | Ossuary  | Reached XP level 11. HP: 86/86 MP: 10/16
  5945 | Ossuary  | Got a sparkling amethyst amulet
  6234 | D:8      | Reached skill level 16 in Long Blades
  6340 | D:8      | Found a glowing golden altar of the Shining One.
  6644 | D:9      | Found a staircase to the Orcish Mines.
  6644 | D:9      | Noticed a two-headed ogre
  6680 | D:9      | Killed a two-headed ogre
  7182 | D:10     | Entered Level 10 of the Dungeon
  7257 | D:10     | Found a staircase to the Lair.
  7270 | D:10     | Reached ***** piety under Okawaru
  7401 | D:10     | Found a shimmering altar of Xom.
  7977 | D:11     | Found a shadowy altar of Dithmenos.
  8150 | D:11     | Reached skill level 17 in Long Blades
  8163 | D:11     | Received a gift from Okawaru
  8207 | D:11     | Noticed a manticore
  8225 | D:11     | Killed a manticore
  8237 | D:11     | Noticed a white ugly thing
  8246 | D:11     | Killed a white ugly thing
  8290 | D:11     | Noticed a white ugly thing
  8298 | D:11     | Mangled by a white ugly thing

Levels and vault maps discovered:
D:1:      dpeg_arrival_tiny_j, layout_basic, minmay_misc_feat_x,
          minmay_crystal_room
D:2:      layout_basic, lemuel_crystal_altar, lemuel_round_altar, minmay_vboxes
D:3:      layout_basic, gammafunk_ghost_grave, uniq_grinder
D:4:      layout_rooms, nicolae_overflow_hidden_temple,
          hellmonk_ghost_happy_afterlife, grunt_qazlal_sundering,
          uniq_crazy_yiuf_cottage
D:5:      layout_loops_ring, first_ration, serial_aquarium,
          aquarium_bridge_square [aquarium_subvault_bridge,
          aquarium_subvault_bridge, aquarium_subvault_wall,
          aquarium_subvault_balcony], aquarium_bridge_square
          [aquarium_subvault_wall, aquarium_subvault_window,
          aquarium_subvault_bridge, aquarium_subvault_wall],
          aquarium_window_fake, aquarium_window_corner, aquarium_view_2c,
          aquarium_balcony_1a, uniq_prince_ribbit1, uniq_eustachio
D:6:      layout_cave_pools, old_standard_altar, minmay_temple_entry_overgrown,
          lightli_sewer_entry_pipes
D:7:      layout_layer_cave, old_standard_altar, grunt_livestock
D:8:      layout_basic, kennysheep_mini, lemuel_doored_altar,
          gup_ossuary_entry_pyramid, uniq_harold
D:9:      layout_basic, zombieorc2_lemuel
D:10:     layout_cave_pools, due_lair_maze_entry_diamond, basic_altar,
          kennysheep_generic_room_7
D:11:     layout_loops_ring, serial_shops, statue_bzr,
          kennysheep_cross_bottleneck, nicolae_dithmenos_shadow_blocks
Temple:   dshaligram_water_room_temple

Skill      XL: |  1  2  3  4  5  6  7  8  9 10 11 |
---------------+----------------------------------+-----
Fighting       | 4 5 6 8 9 |  9.8
Long Blades    | 3 5 7 8 10 13 15 17 | 17.3
Dodging        | 1 2 3 5 |  5.5
Armour         | 4 5 6 7 8 9 |  9.5
Shields        | 4 5 6 7 8 |  8.7
Unarmed Combat | 3 |  3.7
Spellcasting   | 3 |  3.3
Stealth        | |  0.5

Action                   |  1- 3 |  4- 6 |  7- 9 | 10-12 || total
-------------------------+-------+-------+-------+-------++-------
Melee: Long sword        |   116 |   139 |   506 |   562 ||  1323
  Use: Scroll            |     3 |     1 |    16 |     5 ||    25
       Potion            |     5 |     6 |     3 |     7 ||    21
 Stab: Invisible         |       |       |     1 |       ||     1
  Eat: Ration            |     1 |     1 |     3 |     2 ||     7
       Chunk             |       |       |     2 |     3 ||     5
Armor: Scale mail        |    61 |    10 |       |       ||    71
       Chain mail        |       |    77 |   242 |   178 ||   497
Dodge: Dodged            |    47 |    28 |   106 |   119 ||   300
Block: Shield            |    72 |    72 |   203 |   234 ||   581
       Rpst.: Long sword |    17 |     8 |    32 |    32 ||    89
